 Dungeon Crawl Stone Soup version 0.14.1-26-g5a19342 (webtiles) character file.

1770 Kae the Chiller (level 8, -2/52 HPs)
             Began as a Demonspawn Ice Elementalist on July 31, 2014.
             Was a Priest of Sif Muna.
             Slain by a wight
             ... wielding a +0,+0 trident
              (6 damage)
             ... on Level 5 of the Dungeon.
             The game lasted 00:09:49 (6036 turns).

Kae the Chiller (Demonspawn Ice Elementalist)       Turns: 6036, Time: 00:09:50

HP  -2/52        AC  5     Str  9      XL: 8   Next: 47%
MP   0/19        EV 11     Int 23      God: Sif Muna [***...]
Gold 318         SH  0     Dex 14      Spells:  3 memorised,  9 levels left

rFire  . . .     SeeInvis .     f - +3,+2 dagger (flame)
rCold  + . .     Clarity  .     a - +1 robe
rNeg   . . .     Conserve .     (no shield)
rPois  .         rCorr    .     (helmet restricted)
rElec  .         rRot     .     (no cloak)
SustAb . .       Spirit   +     e - +0 pair of gloves
rMut   .         Warding  .     (no boots)
Saprov . . .     Stasis   .     (no amulet)
MR     .....                    B - ring of protection from cold
                                o - ring of wizardry

@: brilliant, heavily drained, not resistant to hostile enchantments, unstealthy
A: horns 1, icy blue scales 1, magic shield
a: Channel Energy, Forget Spell, Renounce Religion


You were on level 5 of the Dungeon.
You worshipped Sif Muna.
Sif Muna was most pleased with you.
You were starving.

You visited 1 branch of the dungeon, and saw 6 of its levels.

You collected 318 gold pieces.

Inventory:

Hand weapons
 f - a +3,+2 dagger of flaming (weapon)
Armour
 a - a +1 robe (worn)
 e - a +0 pair of gloves (worn)
Comestibles
 c - 5 bread rations
 h - 2 pears
 l - a snozzcumber
 m - 3 meat rations
Scrolls
 g - 3 scrolls of enchant armour
 n - a scroll of teleportation
 r - 4 scrolls of remove curse
 C - a scroll of random uselessness
Jewellery
 o - a ring of wizardry (left hand)
 q - an uncursed ring of sustain abilities
 s - an uncursed ring of see invisible
 u - a +2 ring of dexterity
 A - an uncursed ring of protection from magic
 B - a ring of protection from cold (right hand)
Potions
 k - a potion of brilliance
 p - a potion of magic {unknown}
 v - a potion of mutation {unknown}
Books
 b - a book of Frost

   Spells                             Type                      Level
   *Freeze                            Ice                          1
   *Throw Frost                       Conjuration/Ice              2
   Ozocubu's Armour                   Charms/Ice                   3
   *Throw Icicle                      Conjuration/Ice              4
   Summon Ice Beast                   Ice/Summoning                4
   Condensation Shield                Ice                          4
 t - Thasif's Catalogue of Transformation
   (You found it on level 4 of the Dungeon)

   Spells                             Type                      Level
   Beastly Appendage                  Transmutation                1
   Sticks to Snakes                   Transmutation                2
   Alistair's Intoxication            Transmutation/Poison         4
   Ignite Poison                      Fire/Transmutation           5


   Skills:
 - Level 1.7(0.0) Dodging
 - Level 1.7(0.0) Stealth
 + Level 4.9(2.5) Spellcasting
 * Level 6.1(3.6) Conjurations
 * Level 6.9(4.3) Ice Magic


You had 9 spell levels left.
You knew the following spells:

 Your Spells              Type           Power        Failure   Level  Hunger
a - Freeze                Ice            ####         1%          1    None
b - Throw Frost           Conj/Ice       #####.       1%          2    ##.....
c - Throw Icicle          Conj/Ice       #####...     3%          4    ####...


Dungeon Overview and Level Annotations

Branches:
Dungeon (6/15)
 Temple: D:4-7

Altars:
Elyvilon
Sif Muna
Vehumet
Yredelemnul
Zin

Annotations:
D:5 exclusion: statue


Innate Abilities, Weirdness & Mutations

You have a pair of small horns on your head.
You are partially covered in icy blue scales (AC +1).
When hurt, damage is shared between your health and your magic reserves.


Message History

You aren't carrying any items that can be evoked.
Unknown command.
Unknown command.
Unknown command.
Unknown command.
Unknown command.
Use which ability? (? or * to list)
Okay, then.
Unknown command.
You aren't carrying any items that can be evoked.
Unknown command.
Drop what? (_ for help) (? for menu, Esc to quit)
Okay, then.
Drink which item? (? for menu, Esc to quit)
You feel clever all of a sudden.
It was a potion of brilliance.
Drink which item? (? for menu, Esc to quit)
You feel refreshed.
It was a potion of restore abilities.
The wight hits you with a trident.
You die...

### #..............#
########...######<#####
..................<.#
......###########.#.#
#...#...# #.#.#
........# #.#.#
........##### #.#.#
......#.#...## ##.#.#
......#.#....# #@z..#
###.###.#....# #.[.##
#.....##...# #...#
#.....##...#######
#.............#
#.#...#######.# #.#...#
#.# #.##### #.# #.# #.#


You could see a wight.

Vanquished Creatures
  A sky beast (D:6)
  An orc warrior (D:3)
  2 ogres (D:5)
  2 centaurs
  3 wights
  3 crimson imps (D:5)
  A goliath beetle (D:6)
  A jelly (D:5)
  3 hounds
  5 orc wizards
  An orc priest (D:3)
  4 worker ants
  2 iguanas
  Ijyb (D:2)
  5 adders
  7 gnolls
  2 shadow imps
  An inept feature mimic (D:4)
  A giant eyeball (D:4)
  2 giant geckos
  11 orcs
  2 giant cockroaches
  10 hobgoblins
  5 kobolds
  A ball python (D:3)
  8 bats
  2 giant newts
  A giant newt skeleton (D:5)
  6 goblins
  4 jackals (D:3)
  3 quokkas
  13 rats
114 creatures vanquished.

Notes
Turn   | Place    | Note
--------------------------------------------------------------
     0 | D:1      | Kae, the Demonspawn Ice Elementalist, began the quest for the Orb.
     0 | D:1      | Reached XP level 1. HP: 13/13 MP: 3/3
   370 | D:1      | Reached skill level 3 in Ice Magic
   465 | D:1      | Gained mutation: You have a pair of small horns on your head. [demonic ancestry]
   465 | D:1      | Reached XP level 2. HP: 19/19 MP: 2/4
   717 | D:1      | Learned a level 2 spell: Throw Frost
   813 | D:2      | Reached XP level 3. HP: 24/24 MP: 3/6
   901 | D:2      | Found a basalt altar of Yredelemnul.
  1311 | D:2      | Found a deep blue altar of Sif Muna.
  1404 | D:2      | Became a worshipper of Sif Muna the Loreminder
  1546 | D:2      | Noticed Ijyb
  1554 | D:2      | Killed Ijyb
  1554 | D:2      | Gained mutation: When hurt, damage is shared between your health and your magic reserves. [demonic ancestry]
  1554 | D:2      | Reached XP level 4. HP: 21/30 MP: 0/8
  1778 | D:3      | Reached skill level 4 in Ice Magic
  1946 | D:3      | Noticed a centaur
  1956 | D:3      | Killed a centaur
  1956 | D:3      | Reached XP level 5. HP: 30/35 MP: 0/9
  2271 | D:3      | Noticed an orc warrior
  2375 | D:3      | Killed an orc warrior
  2375 | D:3      | Acquired Sif Muna's first power
  2375 | D:3      | Reached XP level 6. HP: 21/41 MP: 0/12
  2824 | D:4      | Reached skill level 5 in Ice Magic
  2954 | D:4      | Identified Thasif's Catalogue of Transformation
  2990 | D:4      | Paralysed by a giant eyeball for 3 turns
  3197 | D:4      | Paralysed by a giant eyeball for 3 turns
  3562 | D:4      | Reached XP level 7. HP: 30/46 MP: 4/15
  3877 | D:5      | Entered Level 5 of the Dungeon
  3966 | D:5      | Learned a level 4 spell: Throw Icicle
  4227 | D:5      | Acquired Sif Muna's second power
  4339 | D:5      | Reached skill level 5 in Conjurations
  4339 | D:5      | Reached skill level 6 in Ice Magic
  4410 | D:5      | Found a radiant altar of Vehumet.
  4573 | D:5      | Gained mutation: You are partially covered in icy blue scales (AC +1). [demonic ancestry]
  4573 | D:5      | Reached XP level 8. HP: 52/52 MP: 14/18
  4654 | D:5      | Found a glowing silver altar of Zin.
  4654 | D:5      | Found a white marble altar of Elyvilon.
  6036 | D:5      | Slain by a wight

Action                   |  1- 3 |  4- 6 |  7- 9 || total
-------------------------+-------+-------+-------++-------
Melee: Unarmed           |    13 |       |       ||    13
       Dagger            |    30 |    78 |   115 ||   223
 Cast: Freeze            |    30 |    64 |    72 ||   166
       Throw Frost       |       |     5 |    37 ||    42
       Throw Icicle      |       |       |     1 ||     1
Invok: Channel Energy    |       |     5 |       ||     5
  Use: Potion            |       |     2 |     3 ||     5
       Scroll            |       |     6 |     8 ||    14
 Stab: Sleeping          |     4 |     1 |       ||     5
